 Dungeon Crawl Stone Soup version 0.22.1-1-ga44c0e56f4 (webtiles) character file.

6835 LLavrengius the Fighter (level 11, -19/108 HPs)
             Began as a Naga Venom Mage on Oct 24, 2018.
             Was a Believer of Cheibriados.
             Shot with an arrow by a centaur warrior (26 damage)
             ... on level 9 of the Dungeon.
             The game lasted 01:27:55 (14385 turns).

LLavrengius the Fighter (Naga Venom Mage)          Turns: 14385, Time: 01:27:57

Health: -19/108    AC: 14    Str: 23    XL:     11   Next: 5%
Magic:  15/29      EV:  9    Int: 23    God:    Cheibriados [**....]
Gold:   392        SH:  0    Dex: 18    Spells: 14/23 levels left

rFire    . . .     SeeInvis +   U - +0 long sword
rCold    . . .     Gourm    .   (no shield)
rNeg     . . .     Faith    .   a - +0 robe
rPois    +         Spirit   .   r - +0 helmet
rElec    .         Reflect  .   D - +2 cloak
rCorr    .         Harm     .   (no gloves)
MR       +....                  e - +2 naga barding
Stlth    +++.......             H - amulet of magic regeneration
HPRegen  0.28/turn              F - ring of magical power
MPRegen  0.46/turn              (no ring)

@: mighty, very slightly contaminated, very slow
A: large, see invisible, deformed body, poison resistance, slowness 2, slow
metabolism 1, spit poison 1, AC +3
a: Spit Poison, Bend Time, Renounce Religion


You were on level 9 of the Dungeon.
You worshipped Cheibriados.
Cheibriados was pleased with you.
You were not hungry.

You visited 2 branches of the dungeon, and saw 10 of its levels.
You also visited: Sewer.

You collected 611 gold pieces.
You spent 219 gold pieces at shops.

Inventory:

Hand Weapons
 g - a +0 hunting sling
 o - a +0 falchion of holy wrath
 P - a +0 battleaxe of freezing
 U - a +0 long sword (weapon)
Missiles
 b - 190 stones
 p - 45 sling bullets
 q - 3 silver tomahawks
 y - 3 tomahawks (quivered)
 z - 3 javelins
 G - 5 tomahawks of returning
 R - 2 javelins of penetration
Armour
 a - a +0 robe (worn)
 e - a +2 naga barding (worn)
 r - a +0 helmet (worn)
 D - a +2 cloak (worn)
Magical Staves
 L - an uncursed staff of air
Jewellery
 n - a +3 ring of evasion
 w - an uncursed amulet of guardian spirit {unknown}
 x - a +3 ring of intelligence
 F - a ring of magical power (left hand)
 H - an amulet of magic regeneration (around neck)
 I - an uncursed ring of positive energy
 Q - an uncursed ring of ice
Wands
 k - a wand of paralysis (10)
Scrolls
 f - a scroll of teleportation
 j - a scroll of enchant armour
 s - 2 scrolls of amnesia
 B - a scroll of blinking
 K - 2 scrolls of enchant weapon
 N - a scroll of immolation
 O - a scroll of summoning
 S - a scroll of fear
Potions
 d - 2 potions of resistance
 h - a potion of invisibility {unknown}
 i - a potion of flight {unknown}
 l - a potion of ambrosia
 m - a potion of mutation {unknown}
 t - 3 potions of curing
 u - a potion of cancellation {unknown}
 v - a potion of degeneration {unknown}
 A - 2 potions of might
 C - 5 potions of magic
 E - a potion of heal wounds {unknown}
 J - a potion of haste {unknown}
 M - a potion of lignification {unknown}
Comestibles
 c - 19 rations


   Skills:
 + Level 9.8 Fighting
 * Level 5.4 Long Blades
 - Level 2.1 Dodging
 - Level 5.1 Stealth
 - Level 6.6 Spellcasting
 - Level 2.0 Conjurations
 - Level 2.0 Air Magic
 - Level 9.3 Poison Magic
 + Level 6.5 Invocations


You had 14 spell levels left.
You knew the following spells:

 Your Spells              Type           Power        Failure   Level  Hunger
a - Olgreb's Toxic Radia  Pois           ######..     1%          4    ###....
b - Poisonous Vapours     Pois/Air       ####..       1%          2    None
c - Mephitic Cloud        Conj/Pois/Air  ####....     3%          3    None

Your spell library contained the following spells:

 Spells                   Type           Power        Failure   Level  Hunger
 Sting                    Conj/Pois      ####         1%          1    None
 Venom Bolt               Conj/Pois      ####......   22%         5    #####..


Dungeon Overview and Level Annotations

Branches:
Dungeon (9/15)             Temple (1/1) D:4            Lair (0/6) D:8
    Orc: D:9-12

Altars:
Ashenzari
Cheibriados
Dithmenos
Elyvilon
Fedhas
Gozag
Hepliaklqana
Kikubaaqudgha
Makhleb
Nemelex Xobeh
Okawaru
Qazlal
Ru
Sif Muna
Trog
Uskayaw
Vehumet
Wu Jian
Xom
Yredelemnul
Zin
The Shining One

Shops:
D:4 [   D:6 (   D:8 ?

Annotations:
D:6 2 runed doors, btonasse's ghost, amateur MfTm


Innate Abilities, Weirdness & Mutations

You cannot wear boots.
Your serpentine skin is tough. (AC +3)
You have supernaturally acute eyesight. (SInv)
Armour fits poorly on your strangely shaped body.
Your system is resistant to poisons. (rPois)
You cover ground very slowly.
You have a slow metabolism.
You can spit poison.


Message History

The cyan ugly thing is severely wounded.
The cyan ugly thing tail-slaps you!
* * * LOW HITPOINT WARNING * * *
The cyan ugly thing shocks you!
* * * LOW HITPOINT WARNING * * *
The flow of time bends around you.
Cheibriados rebukes the cyan ugly thing.
The cyan ugly thing seems to slow down.
You feel slightly more hungry.
Unknown command.
Casting: Olgreb's Toxic Radiance (safe; 1% risk of failure)
Confirm with . or Enter, or press ? or * to list all spells.
Aiming: Mephitic Cloud (safe; 3% risk of failure)
Press: ? - help, Shift-Dir - straight line, p - cyan ugly thing You miscast Mephitic Cloud.
You are very lightly contaminated with residual magic.
Wisps of poison gas drift from your hands.
The cyan ugly thing tail-slaps you but does no damage.
The centaur warrior wields a shortbow.
The centaur warrior shoots an arrow.
The arrow hits you!!
You die...

#........#######.....####......##
#.......(........................
#####.#######...####...........##
#.# #...####.....#.....## #.#
#......#.....#..(..## #.#
#......#.....#.....## #.#
###....#.....#......# #.#
##....##########.... #.#
#..@u..#### #.#.# #.#
*#.........#* #.... #.#
*#..###.###..#* #.... #.#
##..#*,#c#,**..#* #.... #.#
#..#*,,...,,**..**##... #.#
##.#*,*##.##*,**.,,.....
#.####..#,,*,#.#,*,,*,..###..
#....#..##.##...**,**,#,* ###
#..(..†...(...#.,,,,,,,,* #


You could see a cyan ugly thing and a centaur warrior.

Vanquished Creatures
  2 centaur warriors (D:9)
  2 cyclopes (D:9)
  A troll (D:9)
  Prince Ribbit (D:7)
  Sigmund (D:2)
  A spriggan (D:7)
  A wyvern (D:8)
  A hungry ghost (D:8)
  A warg (D:8)
  2 black bears (D:9)
  2 ice beasts
  2 orc warriors
  A phantom (D:7)
  2 sky beasts
  4 ogres
  6 centaurs
  A big kobold (D:9)
  3 bullfrogs (D:8)
  2 scorpions
  3 howler monkeys (D:7)
  4 crimson imps
  2 centaur zombies
  8 hounds
  6 orc priests
  7 orc wizards
  Crazy Yiuf (D:3)
  A bullfrog skeleton (D:8)
  A centaur skeleton (D:4)
  2 jellies
  Terence (D:2)
  4 iguanas
  3 worker ants
  2 hound zombies
  A mummy (D:7)
  3 gnolls (D:5)
  19 adders
  4 shadow imps
  An ooze (D:6)
  2 adder skeletons
  3 worms
  7 leopard geckos
  41 orcs
  6 giant cockroaches
  10 goblins
  5 hobgoblins
  20 jackals
  7 quokkas
  5 frilled lizards
  A jackal skeleton (D:4)
  2 jackal zombies
  14 kobolds
  2 quokka skeletons (D:6)
  8 rats
242 creatures vanquished.

Vanquished Creatures (others)
  A crimson imp (D:5)
  A jelly (D:5)
2 creatures vanquished.

Grand Total: 244 creatures vanquished

Notes
Turn   | Place    | Note
-------+----------+-------------------------------------------
     0 | D:1      | LLavrengius the Naga Venom Mage began the quest for the
                  | Orb.
     0 | D:1      | Reached XP level 1. HP: 15/15 MP: 3/3
    66 | D:1      | Reached XP level 2. HP: 17/22 MP: 1/5
   135 | D:1      | Learned a level 2 spell: Poisonous Vapours
   828 | D:1      | Reached XP level 3. HP: 30/30 MP: 1/6
  1050 | D:2      | Reached skill level 1 in Fighting
  1113 | D:2      | Noticed Terence
  1123 | D:2      | Killed Terence
  1123 | D:2      | Reached skill level 5 in Poison Magic
  1123 | D:2      | Reached XP level 4. HP: 38/38 MP: 1/7
  1194 | D:2      | Noticed Sigmund
  1204 | D:2      | Killed Sigmund
  1204 | D:2      | Reached XP level 5. HP: 38/49 MP: 0/8
  1209 | D:2      | Learned a level 3 spell: Mephitic Cloud
  1418 | D:2      | Noticed an ice beast
  1585 | D:2      | Reached XP level 6. HP: 47/56 MP: 3/9
  2441 | D:3      | Found a runed door.
  2445 | D:3      | Noticed Crazy Yiuf
  2451 | D:3      | Killed Crazy Yiuf
  2600 | D:3      | Found a hazy altar of Hepliaklqana.
  2909 | D:3      | Reached skill level 1 in Air Magic
  3236 | D:3      | Found a shadowy altar of Dithmenos.
  3652 | D:4      | Learned a level 4 spell: Olgreb's Toxic Radiance
  4099 | D:4      | Reached XP level 7. HP: 35/63 MP: 1/10
  4444 | D:4      | Found Kusac's Armour Shop.
  4509 | D:4      | Found a deep blue altar of Sif Muna.
  4846 | D:4      | Found a staircase to the Ecumenical Temple.
  4851 | Temple   | Entered the Ecumenical Temple
  5115 | D:5      | Entered Level 5 of the Dungeon
  5530 | D:5      | Reached skill level 5 in Stealth
  5617 | D:5      | Reached XP level 8. HP: 51/73 MP: 9/13
  5631 | D:5      | Reached skill level 5 in Fighting
  6184 | D:5      | Reached skill level 5 in Spellcasting
  6664 | D:6      | Found a burning altar of Makhleb.
  6765 | D:6      | Found a glowing drain.
  6774 | Sewer    | Entered a sewer
  7923 | D:6      | Reached XP level 9. HP: 75/85 MP: 17/17
  8128 | D:6      | Found Nautselo's Weapon Boutique.
  8298 | D:6      | Found a large runed door.
  8299 | D:6      | Found a large runed door.
  8304 | D:6      | Noticed btonasse's ghost (amateur MfTm)
  8837 | D:7      | Found an opulent altar of Gozag.
  8888 | D:7      | Found a snail-covered altar of Cheibriados.
  8897 | D:7      | Became a worshipper of Cheibriados the Contemplative
  8937 | D:7      | You fall through a shaft for 2 floors!
  8937 | D:9      | Noticed a brown ugly thing
  8950 | D:9      | Found a sparkling altar of Nemelex Xobeh.
  9489 | D:8      | Found Reogunn's Magic Scroll Boutique.
  9498 | D:8      | Bought a scroll of enchant weapon for 82 gold pieces
  9498 | D:8      | Bought a scroll of summoning for 104 gold pieces
  9498 | D:8      | Bought a scroll of remove curse for 33 gold pieces
  9752 | D:7      | Reached skill level 1 in Invocations
  9776 | D:7      | Noticed Prince Ribbit
  9786 | D:7      | Killed Prince Ribbit
 10967 | D:7      | Reached * piety under Cheibriados
 11859 | D:8      | Reached XP level 10. HP: 88/98 MP: 7/19
 12292 | D:8      | Found a staircase to the Lair.
 12297 | D:8      | Reached ** piety under Cheibriados
 13147 | D:9      | Reached skill level 1 in Long Blades
 13147 | D:9      | Reached skill level 5 in Invocations
 13170 | D:9      | Found a bloodstained altar of Trog.
 13664 | D:9      | Noticed a centaur warrior
 13689 | D:9      | Killed a centaur warrior
 14006 | D:9      | Noticed a centaur warrior
 14006 | D:9      | Noticed a cyclops
 14008 | D:9      | Noticed a centaur warrior
 14014 | D:9      | Killed a cyclops
 14014 | D:9      | Noticed a cyclops
 14028 | D:9      | Killed a centaur warrior
 14031 | D:9      | Killed a cyclops
 14031 | D:9      | Reached skill level 5 in Long Blades
 14031 | D:9      | Reached XP level 11. HP: 92/108 MP: 2/20
 14385 | D:9      | Shot with an arrow by a centaur warrior

Skill      XL: |  1  2  3  4  5  6  7  8  9 10 |
---------------+-------------------------------+-----
Fighting       | 1 3 4 6 8 9 |  9.8
Stealth        | 4 5 |  5.1
Poison Magic   | 5 6 7 8 9 |  9.3
Air Magic      | 1 2 |  2.0
Conjurations   | 2 |  2.0
Spellcasting   | 3 5 6 |  6.6
Invocations    | 3 6 |  6.5
Dodging        | 2 |  2.1
Long Blades    | 5 |  5.4

Action                   |  1- 3 |  4- 6 |  7- 9 | 10-12 || total
-------------------------+-------+-------+-------+-------++-------
Melee: Whip              |    26 |    79 |   460 |       ||   565
       Falchion          |       |       |   195 |    83 ||   278
       Long sword        |       |       |       |     8 ||     8
Throw: Stone             |       |     1 |       |       ||     1
       Javelin           |       |     1 |     6 |       ||     7
       Tomahawk          |       |       |     1 |     2 ||     3
 Cast: Sting             |     8 |     5 |       |       ||    13
       Poisonous Vapours |    14 |    52 |    46 |    15 ||   127
       Olgreb's Toxic Ra |       |     2 |    46 |    21 ||    69
       Mephitic Cloud    |       |     2 |     9 |     8 ||    19
Invok: Bend Time         |       |       |     1 |     1 ||     2
 Abil: Spit Poison       |       |       |       |     1 ||     1
  Use: Scroll            |       |     5 |    11 |     7 ||    23
       Potion            |       |       |       |     4 ||     4
 Stab: Sleeping          |     2 |     6 |    14 |     1 ||    23
       Confused          |       |     2 |       |     1 ||     3
  Eat: Chunk             |     1 |    11 |    18 |     6 ||    36
       Ration            |       |       |     3 |     2 ||     5
Armor: Robe              |     5 |    17 |   347 |    63 ||   432
Dodge: Dodged            |    14 |    59 |   357 |    68 ||   498
       Rpst.: Falchion   |       |       |    28 |    23 ||    51
       Long sword        |       |       |       |     1 ||     1
